 Dungeon Crawl Stone Soup version 0.28-a0-8-g6e044cfa68 (webtiles) character file.

Game seed: 8910422869374827521

47 bande the Covered (level 3, -2/23 HPs)
             Began as a Gargoyle Fighter on July 24, 2021.
             Slain by a gnoll (3 damage)
             ... on level 3 of the Dungeon.
             The game lasted 00:02:08 (1702 turns).

bande the Covered (Gargoyle Fighter)                Turns: 1702, Time: 00:02:09

Health: -2/23      AC: 15    Str: 19    XL:     3   Next: 70%
Magic:  3/3        EV:  3    Int:  8    God:
Gold:   53         SH:  9    Dex: 10    Spells: 2/2 levels left

rFire   . . .      SeeInvis .   a - +0 war axe
rCold   . . .      Faith    .   c - +0 kite shield
rNeg    + . .      Spirit   .   g - +0 plate armour
rPois   ∞          Reflect  .   (no helmet)
rElec   +          Harm     .   (no cloak)
rCorr   .          Rampage  .   (no gloves)
Will    .....                   (no boots)
Stlth   ..........              (no amulet)
HPRegen 0.07/turn               (no ring)
MPRegen 0.08/turn               (no ring)

@: no status effects
A: sickness immunity, AC +3, negative energy resistance 1, electricity
resistance, torment resistance 1, petrification resistance
a: no special abilities


You were on level 3 of the Dungeon.
You visited 1 branch of the dungeon, and saw 3 of its levels.

You collected 53 gold pieces.

Inventory:

Hand Weapons
 a - a +0 war axe (weapon)
 f - a +0 flail
Armour
 c - a +0 kite shield (worn)
 g - a +0 plate armour (worn)
Potions
 b - a potion of curing {unknown}
 d - a potion of might
 e - 2 potions of flight
 h - a potion of degeneration {unknown}
 i - a potion of brilliance {unknown}


   Skills:
 + Level 3.5 Fighting
 + Level 2.1 Axes
 + Level 4.2 Armour
 + Level 0.2 Dodging
 + Level 3.7 Shields


You had 2 spell levels left.
You didn't know any spells.
Your spell library was empty.

Dungeon Overview and Level Annotations

Branches:
Dungeon (3/15)

Altars:

Shops:
D:2 (


Innate Abilities, Weirdness & Mutations

You are immune to sickness and miasma.
Your stone body is resilient. (AC +3)
You are immune to poison.
You resist negative energy. (rN+)
You are resistant to electric shocks. (rElec)
You are resistant to unholy torment.
You are immune to petrification.


Message History

As you read the scroll labelled VINAUB IMACEL, it crumbles to dust.
You feel strangely unstable.
It was a scroll of teleportation.
Your surroundings suddenly seem different.
Found a sapphire potion.
b - a sapphire potion An adder comes into view.
The adder hisses angrily.
A gnoll comes into view. It is wielding a +0 spear.
Found a spear, 22 gold pieces and 20 stones.
Found a stone staircase leading up.
An orc comes into view. It is wielding a +0 mace.
The orc shouts!
The adder bites you.
A gnoll comes into view. It is wielding a +0 spear.
Found 10 gold pieces.
You slash the adder!
You kill the adder!
A gnoll comes into view. It is wielding a +0 flail.
The gnoll shouts!
You hear a shout!
The gnoll hits you from afar with a +0 spear.
The orc hits you with a +0 mace.
Found a shiny chain mail.
You barely miss the orc. The gnoll hits you but does no damage.
A gnoll comes into view. It is wielding a +0 flail.
The orc hits you with a +0 mace.
The gnoll hits you from afar with a +0 spear.
* * * LOW HITPOINT WARNING * * *
The orc hits you but does no damage.
You are too injured to fight recklessly!
You are too injured to fight recklessly!
You are too injured to fight recklessly!
You are too injured to fight recklessly!
You are too injured to fight recklessly!
You are too injured to fight recklessly!
Unknown command.
Found 9 gold pieces.
The gnoll hits you with a +0 flail.
* * * LOW HITPOINT WARNING * * *
The gnoll hits you with a +0 flail.
You die...

#.# .. .# #. #.# #.#
#.# #(.####.#
#....#.#
#....#.#######
#######.@go...$....#
#..................#
#.......†.g...$...$#
..........)g.......#
.........##........#
.......#..##g#######
.#.....##.##.#
.<.....
#.g#.#########
.......
##.#.........#


You could see 4 gnolls and an orc.

Vanquished Creatures
  An adder (D:3)
  3 worms (D:2)
  4 endoplasms
  6 goblins
  2 hobgoblins
  2 jackals (D:1)
  A kobold (D:1)
  3 bats (D:1)
  3 frilled lizards
  4 rats
29 creatures vanquished.

Vanquished Creatures (others)
  5 plants (D:1)
5 creatures vanquished.

Grand Total: 34 creatures vanquished

Notes
Turn   | Place    | Note
-------+----------+-------------------------------------------
     0 | D:1      | bande the Gargoyle Fighter began the quest for the Orb.
     0 | D:1      | Reached XP level 1. HP: 14/14 MP: 1/1
   156 | D:1      | Reached XP level 2. HP: 19/19 MP: 2/2
   480 | D:1      | Found a faded altar of an unknown god.
   847 | D:2      | Reached XP level 3. HP: 17/23 MP: 3/3
  1362 | D:2      | Found Xoto's Antique Weapon Boutique.
  1433 | D:2      | Reached skill level 4 in Armour
  1699 | D:3      | HP: 1/23 [gnoll (3)]
  1702 | D:3      | Slain by a gnoll

Illustrated notes

Levels and vault maps discovered:
D:1:      dpeg_arrival_more_subterranean_lakeside_camping, layout_basic,
          shapermc_ecumenical_altar_mp_ritualfount, patterned_corridor
D:2:      layout_loops_ring, serial_shops, shop
D:3:      layout_basic, zin_statuary, st_stairs_2

Skill      XL: |  1  2  3 |
---------------+----------+-----
Axes           | 2 |  2.1
Armour         | 4 |  4.2
Fighting       | |  3.5
Dodging        | |  0.2
Shields        | |  3.7

Action                   || total
-------------------------++-------
Melee: War axe           ||   107
  Use: Scroll            ||     2
Armor: Scale mail        ||    41
       Plate armour      ||    32
Dodge: Dodged            ||    25
Block: Kite shield       ||    61

Table legend: (Time is in decaauts)
 A = Elapsed time spent in this place.
 B = Non-inter-level travel time spent in this place.
 C = Inter-level travel time spent in this place.
 D = Time resting spent in this place.
 E = Time spent auto-exploring this place.
 F = Levels seen in this place.
 G = Mean time per level.
                   A        B        C        D        E       F      G
               +--------+--------+--------+--------+--------+-----+--------+
         Total |   1768 |   1768 |      0 |      0 |   1426 |   3 |  589.3 |
       Dungeon |   1768 |   1768 |      0 |      0 |   1426 |   3 |  589.3 |
               +--------+--------+--------+--------+--------+-----+--------+

Top non-repeatable levels by time:
     D:2: 869 daAuts
     D:1: 844 daAuts
     D:3: 55 daAuts
